 Dungeon Crawl Stone Soup version 0.28-a0-1087-gf3fc490d9d (webtiles) character file.

Game seed: 1086755385200744952

137 ytrimaz the Insei (level 5, -2/34 HPs)
             Began as an Octopode Transmuter on Dec 10, 2021.
             Slain by a gnoll (4 damage)
             ... on level 3 of the Dungeon.
             The game lasted 00:02:09 (1893 turns).

ytrimaz the Insei (Octopode Transmuter)             Turns: 1893, Time: 00:02:10

Health: -2/34      AC:  2    Str:  9    XL:     5   Next: 20%
Magic:  7/9        EV: 19    Int: 18    God:
Gold:   104        SH:  0    Dex: 17    Spells: 4/10 levels left

rFire   . . .      SeeInvis .     - Unarmed
rCold   . . .      Faith    .   (shield currently unavailable)
rNeg    . . .      Spirit   .   (helmet currently unavailable)
rPois   x          Reflect  .   (no amulet)
rElec   .          Harm     .   (no ring)
rCorr   .          Rampage  .   (no ring)
Will    .....                   (no ring)
Stlth   ++........              (no ring)
HPRegen 0.11/turn               (no ring)
MPRegen 0.11/turn               (no ring)
                                (no ring)
                                (no ring)

@: spider-form (expiring)
A: venomous fangs, almost no armour, (amphibious), 8 rings, tiny, (camouflage
1), (gelatinous body 1), (nimble swimmer 1), (tentacles)
a: End Transformation


You were on level 3 of the Dungeon.
You were a venomous arachnid creature.
You visited 1 branch of the dungeon, and saw 3 of its levels.

You collected 104 gold pieces.

Inventory:

Potions
 a - a potion of curing {unknown}
 b - a potion of ambrosia {unknown}


   Skills:
 * Level 1.9 Fighting
 - Level 2.0 Dodging
 + Level 3.9 Unarmed Combat
 * Level 3.0 Spellcasting
 * Level 2.9 Transmutations
 * Level 1.5 Poison Magic


You had 4 spell levels left.
You knew the following spells:

 Your Spells              Type           Power      Damage    Failure   Level
a - Beastly Appendage     Tmut           26%        N/A       14%         1
b - Wereblood             Tmut           13%        N/A       21%         2
c - Spider Form           Tmut/Pois      10%        N/A       38%         3

Your spell library contained the following spells:

 Spells                   Type           Power      Damage    Failure   Level
 Passwall                 Tmut/Erth      5%         N/A       32%         2
 Summon Small Mammal      Summ           8%         N/A       34%         1
 Sublimation of Blood     Necr           2%         N/A       45%         2
 Call Canine Familiar     Summ           2%         N/A       65%         3
 Summon Guardian Golem    Hex/Summ       2%         N/A       65%         3
 Swiftness                Air            2%         N/A       65%         3
 Ice Form                 Ice/Tmut       7%         N/A       83%         4
 Fireball                 Conj/Fire      1%         3d3       100%        5
 Iskenderun's Battlesphe  Conj           2%         2d6       100%        5
 Conjure Ball Lightning   Conj/Air       1%         3x3d6     100%        6
 Orb of Destruction       Conj           1%         N/A       100%        7
 Summon Hydra             Summ           1%         N/A       100%        7


Dungeon Overview and Level Annotations

Branches:
Dungeon (3/15)

Altars:
Vehumet


Innate Abilities, Weirdness & Mutations

You are a venomous arachnid creature.
You have poisonous fangs.
You are tiny and dextrous.
Your spellcasting is less reliable in this form.
Your armour is entirely melded.
You are incapable of wielding weapons or throwing items.
You cannot wear most types of armour.
((You are amphibious.))
You can wear up to eight rings at the same time.
((Your skin changes colour to match your surroundings (Stealth+).))
((Your rubbery body absorbs attacks. (AC +1, EV +1)))
((You are camouflaged near water. (Stealth+)))
((You have tentacles for arms and can constrict up to eight enemies at once.))


Message History

A rat is nearby!
A rat is nearby!
A rat is nearby!
One of your tentacles grows a vicious spike.
You tentacle-slap the rat.
You kill the rat!
A gnoll comes into view. It is wielding a +0 flail.
A gnoll is nearby!
A gnoll is nearby!
A gnoll is nearby!
Your transformation is almost over.
Casting: Beastly Appendage (safe; 4% risk of failure)
Confirm with . or Enter, or press ? or * to list all spells.
The spell is quite dangerous to miscast (21% risk of failure)!
Continue anyway?
Your tentacle spike disappears.
You turn into a venomous arachnid creature.
The gnoll shouts!
Unknown command.
You bite the gnoll!
The gnoll is poisoned.
The gnoll is heavily wounded.
The gnoll completely misses you.
You hit the gnoll but do no damage.
The gnoll looks as sick as possible!
The gnoll is heavily wounded.
The gnoll hits you with a +0 flail.
You barely miss the gnoll.
The gnoll is severely wounded.
The gnoll closely misses you.
Unknown command.
You hit the gnoll.
You kill the gnoll!
You see here a +0 flail.
A gnoll comes into view. It is wielding a +1 vorpal halberd.
Your transformation is almost over.
The gnoll shouts!
The gnoll hits you with a +1 vorpal halberd!
You hit the gnoll.
The gnoll is moderately wounded.
The gnoll hits you with a +1 vorpal halberd!
* * * LOW HITPOINT WARNING * * *
You die...

. .# .. #. #. #. ####
##.#######.#### #...
#......sg...... #.##
.......#...###.####
#.# .........#)# #.#
#.# ######.###.# #.#
#.# #. #.# #.# #.# #.
#.# #.# #.#
#.###.###.##########.#
#...............))...#
######################


You could see a gnoll.

Vanquished Creatures
  2 orc wizards (D:3)
  A gnoll (D:3)
  2 adders (D:2)
  A dart slug (D:1)
  3 orcs (D:3)
  6 bats
  An endoplasm (D:2)
  4 giant cockroaches
  5 goblins
  5 hobgoblins
  2 jackals (D:1)
  3 quokkas (D:1)
  2 ball pythons
  3 frilled lizards
  8 kobolds
  10 rats
58 creatures vanquished.

Notes
Turn   | Place    | Note
-------+----------+-------------------------------------------
     0 | D:1      | ytrimaz the Octopode Transmuter began the quest for the
                  | Orb.
     0 | D:1      | Reached XP level 1. HP: 13/13 MP: 3/3
   103 | D:1      | Reached XP level 2. HP: 18/18 MP: 3/5
   377 | D:1      | Reached XP level 3. HP: 9/23 MP: 6/6
   574 | D:1      | Learned a level 2 spell: Wereblood
   578 | D:1      | Learned a level 3 spell: Spider Form
  1334 | D:2      | Found a faded altar of an unknown god.
  1345 | D:2      | Reached skill level 1 in Poison Magic
  1482 | D:2      | Reached XP level 4. HP: 28/28 MP: 5/7
  1618 | D:3      | Found a radiant altar of Vehumet.
  1691 | D:3      | Reached XP level 5. HP: 23/34 MP: 4/9
  1893 | D:3      | Slain by a gnoll

Illustrated notes

Levels and vault maps discovered:
D:1:      sevenhm_arrival_forest_fort_small_5, layout_basic, nrook_campfire
D:2:      layout_basic, dreamdust_ecumenical_altar_statues, minmay_vboxes
D:3:      layout_loops_ring, vehumet_crystals

Skill      XL: |  1  2  3  4  5 |
---------------+----------------+-----
Poison Magic   | 1 |  1.5
Spellcasting   | 3 |  3.0
Fighting       | |  1.9
Dodging        | |  2.0
Unarmed Combat | |  3.9
Transmutations | |  2.9

Action                   |  1- 3 |  4- 6 || total
-------------------------+-------+-------++-------
Melee: Unarmed           |    91 |    34 ||   125
       Constrict         |    29 |     3 ||    32
       Kick              |    11 |     3 ||    14
       Tentacles         |    11 |     2 ||    13
       Punch             |     1 |     1 ||     2
 Cast: Beastly Appendage |    15 |     4 ||    19
       Spider Form       |     1 |     2 ||     3
       Wereblood         |     1 |     1 ||     2
  Use: Scroll            |     1 |       ||     1
 Stab: Sleeping          |     3 |     1 ||     4
Armor: Skin              |    10 |     1 ||    11
Dodge: Dodged            |    73 |    12 ||    85

Table legend: (Time is in decaauts)
 A = Elapsed time spent in this place.
 B = Non-inter-level travel time spent in this place.
 C = Inter-level travel time spent in this place.
 D = Time resting spent in this place.
 E = Time spent auto-exploring this place.
 F = Levels seen in this place.
 G = Mean time per level.
                   A        B        C        D        E       F      G
               +--------+--------+--------+--------+--------+-----+--------+
         Total |   1884 |   1856 |     28 |      0 |   1505 |   3 |  628.0 |
       Dungeon |   1884 |   1856 |     28 |      0 |   1505 |   3 |  628.0 |
               +--------+--------+--------+--------+--------+-----+--------+

Top non-repeatable levels by time:
     D:1: 936 daAuts
     D:2: 661 daAuts
     D:3: 286 daAuts
